 Dungeon Crawl Stone Soup version 0.27-a0-1090-gb115f176c6 (webtiles) character file.

Game seed: 11548661910585580390

6 porpoise the Digger (level 1, 0/11 HPs)
             Began as an Octopode Earth Elementalist on Apr 28, 2021.
             Slain by a bat (1 damage)
             ... on level 1 of the Dungeon.
             The game lasted 00:01:28 (94 turns).

porpoise the Digger (Octopode Earth Elementalist)     Turns: 94, Time: 00:01:29

Health: 0/11       AC:  1    Str:  7    XL:     1   Next: 90%
Magic:  0/3        EV: 13    Int: 23    God:
Gold:   0          SH:  0    Dex: 12    Spells: 3/4 levels left

rFire    . . .     SeeInvis .   (no weapon)
rCold    . . .     Faith    .   (no shield)
rNeg     . . .     Spirit   .   (helmet restricted)
rPois    .         Reflect  .   (no amulet)
rElec    .         Harm     .   a - +6 ring of intelligence
rCorr    .         Rampage  .   (no ring)
Will     .....                  (no ring)
Stlth    +++.......             (no ring)
HPRegen  0.03/turn              (no ring)
MPRegen  0.08/turn              (no ring)
                                (no ring)
                                (no ring)

@: no status effects
A: almost no armour, amphibious, 8 rings, camouflage 1, gelatinous body 1,
(nimble swimmer 1), tentacles
a: no special abilities


You were on level 1 of the Dungeon.
You visited 1 branch of the dungeon, and saw 1 of its levels.

Inventory:

Missiles
 b - 35 stones
Jewellery
 a - a +6 ring of intelligence (left tentacle)
Scrolls
 c - a scroll of immolation {unknown}


   Skills:
 - Level 2.0 Dodging
 + Level 2.9 Stealth
 * Level 2.2 Spellcasting
 - Level 1.0 Transmutations
 * Level 3.1 Earth Magic


You had 3 spell levels left.
You knew the following spells:

 Your Spells              Type           Power      Damage    Failure   Level
a - Sandblast             Erth           34%        2d9       3%          1

Your spell library contained the following spells:

 Spells                   Type           Power      Damage    Failure   Level
 Passwall                 Tmut/Erth      10%        N/A       9%          2
 Stone Arrow              Conj/Erth      18%        3d8       21%         3
 Petrify                  Tmut/Erth      12%        N/A       47%         4
 Lee's Rapid Deconstruct  Erth           8%         3d8*      67%         5


Dungeon Overview and Level Annotations

Branches:
Dungeon (1/15)

Altars:


Innate Abilities, Weirdness & Mutations

You cannot wear most types of armour.
You are amphibious.
You can wear up to eight rings at the same time.
Your skin changes colour to match your surroundings (Stealth+).
Your rubbery body absorbs attacks. (AC +1, EV +1)
((You are camouflaged near water. (Stealth+)))
You have tentacles for arms and can constrict up to eight enemies at once.


Message History

The rat bites you but does no damage.
You tentacle-slap the rat but do no damage.
The rat is severely wounded.
You constrict the rat.
You kill the rat!
The bat barely misses you.
An endoplasm comes into view.
A kobold comes into view. It is wielding a +0 short sword.
The kobold shouts!
You tentacle-slap the bat but do no damage.
You grab the bat.
The bat is moderately wounded.
You constrict the bat. The bat hits you but does no damage.
The bat struggles to escape constriction.
The bat escapes!
The bat barely misses you. The bat hits you but does no damage.
The bat hits you.
* * * LOW HITPOINT WARNING * * *
The endoplasm jiggles.
You tentacle-slap the bat. Your grab misses the bat.
The bat is severely wounded.
The bat closely misses you. x2
The endoplasm jiggles.
You closely miss the bat. Your grab misses the bat.
Your squeeze misses the bat.
The bat is severely wounded.
The bat misses you. The bat barely misses you.
Casting: Sandblast (safe; 3% risk of failure)
Confirm with . or Enter, or press ? or * to list all spells.
Aiming: Sandblast (safe; 3% risk of failure)
Press: ? - help, Shift-Dir - straight line, f - bat
Aim: a bat (severely wounded, 69% to hit)
The blast of sand misses the bat.
The bat hits you.
* * * LOW HITPOINT WARNING * * *
You miss the bat. Your grab misses the bat.
The bat is severely wounded.
The bat hits you but does no damage. The bat closely misses you.
The bat hits you.
You die...

#....)....# #....†....#
#.........#
#..###..[....###############
#(...........#.............#
##.###.......#.............#
#†..K...#......<......#
#....Jb.#......(......#
#.....@.#.............#
#.......######.8.######
#####.#......#...#
#.###..#.#.8.#
#.###..#.#...#
#.....>#.#.>.#
#....#.#.#...#
#....#.#.#.8.#
####.#.#.#...#


You could see an endoplasm, a bat and a kobold.

Vanquished Creatures
  2 goblins (D:1)
  A bat (D:1)
  2 frilled lizards (D:1)
  2 rats (D:1)
7 creatures vanquished.

Notes
Turn   | Place    | Note
-------+----------+-------------------------------------------
     0 | D:1      | porpoise the Octopode Earth Elementalist began the quest
                  | for the Orb.
     0 | D:1      | Reached XP level 1. HP: 11/11 MP: 3/3
    94 | D:1      | Slain by a bat

Illustrated notes

Levels and vault maps discovered:
D:1:      lemuel_arrival_hallway, layout_basic, chequers_ecumenical_altar_twisty

Action                   || total
-------------------------++-------
Melee: Unarmed           ||    16
       Constrict         ||     5
       Tentacles         ||     1
 Cast: Sandblast         ||     5
 Stab: Sleeping          ||     2
Armor: Skin              ||     8
Dodge: Dodged            ||    23

Table legend: (Time is in decaauts)
 A = Elapsed time spent in this place.
 B = Non-inter-level travel time spent in this place.
 C = Inter-level travel time spent in this place.
 D = Time resting spent in this place.
 E = Time spent auto-exploring this place.
 F = Levels seen in this place.
 G = Mean time per level.
                   A        B        C        D        E       F      G
               +--------+--------+--------+--------+--------+-----+--------+
         Total |     93 |     93 |      0 |      4 |     28 |   1 |   93.0 |
       Dungeon |     93 |     93 |      0 |      4 |     28 |   1 |   93.0 |
               +--------+--------+--------+--------+--------+-----+--------+

Top non-repeatable levels by time:
     D:1: 93 daAuts
